 Dungeon Crawl Stone Soup version 0.29-a0-330-g52719c12eb (webtiles) character file.

Game seed: 14632311051695057628

30 v38m2y69t the Skirmisher (level 3, 29/31 HPs)
             Began as a Palentonga Fighter on Apr 27, 2022.
             Was a Follower of Fedhas.
             Quit the game on level 2 of the Dungeon.
             The game lasted 00:02:22 (645 turns).

v38m2y69t the Skirmisher (Palentonga Fighter)        Turns: 645, Time: 00:02:23

Health: 29/31      AC:  6    Str: 21    XL:     3   Next: 5%
Magic:  3/3        EV:  7    Int:  8    God:    Fedhas [*.....]
Gold:   100        SH:  4    Dex:  9    Spells: 2/2 levels left

rFire   . . .      SeeInvis +   a - +0 war axe
rCold   . . .      Faith    .   c - +0 buckler
rNeg    . . .      Spirit   .   b - +0 scale mail
rPois   .          Reflect  .   (no helmet)
rElec   .          Harm     .   (no cloak)
rCorr   .          Rampage  .   (no gloves)
Will    .....                   (no barding)
Stlth   ..........              (no amulet)
HPRegen 0.10/turn               (no ring)
MPRegen 0.08/turn               (no ring)

@: no status effects
A: large, rugged brown scales 3, see invisible, deformed body, roll 1, armoured
tail
a: Rolling Charge, Renounce Religion


You were on level 2 of the Dungeon.
You worshipped Fedhas.
Fedhas was aware of your devotion.
You visited 1 branch of the dungeon, and saw 2 of its levels.

You collected 100 gold pieces.

Inventory:

Hand Weapons
 a - a +0 war axe (weapon)
Armour
 b - a +0 scale mail (worn)
 c - a +0 buckler (worn)
Scrolls
 e - a scroll of enchant armour {unknown}
 f - a scroll of noise {unknown}
 g - a scroll of identify {unknown}
Potions
 d - a potion of might
 h - a potion of invisibility {unknown}


   Skills:
 + Level 3.3 Fighting
 + Level 2.5 Axes
 + Level 2.7 Armour
 + Level 2.6 Shields


You had 2 spell levels left.
You didn't know any spells.
Your spell library was empty.

Dungeon Overview and Level Annotations

Branches:
Dungeon (2/15)

Altars:
Fedhas


Innate Abilities, Weirdness & Mutations

You are completely covered in rugged brown scales. (AC +3, +7% HP)
You have supernaturally acute eyesight. (SInv)
Armour fits poorly on your strangely shaped body.
You can roll at nearby foes to attack.
You have a long armoured tail.


Message History

The adder is severely wounded.
The adder completely misses you. The adder barely misses you.
You miss the adder.
The adder is severely wounded.
The adder bites you. The adder barely misses you.
You barely miss the adder.
Your tail-slap misses the adder.
The adder is severely wounded.
The adder bites you but does no damage. The adder bites you.
You hit the adder.
You kill the adder!
You have reached level 3!
Your experience leads to an increase in your attributes!
Increase (S)trength, (I)ntelligence, or (D)exterity?
You feel stronger. x2
Things that are here:
a +0 short sword; a kobold corpse You enter the shallow water.
Moving in this stuff is going to be slow.
You now have 97 gold pieces (gained 1).
You now have 98 gold pieces (gained 1).
There is a faded altar of an unknown god here.
You enter the shallow water.
Moving in this stuff is going to be slow.
You now have 99 gold pieces (gained 1).
You now have 100 gold pieces (gained 1).
There is a faded altar of an unknown god here.
Okay, then.
Unknown command.
Press < or > to pray at altars.
You cannot tell which god this altar belongs to.
Convert to them anyway?
Uppercase [Y]es or [N]o only, please.
You cannot tell which god this altar belongs to.
Convert to them anyway?
Fedhas accepts your prayer! Fedhas welcomes you!
The plants of the dungeon cease their hostilities.
You enter the shallow water.
Moving in this stuff is going to be slow.
A kobold comes into view. It is wielding a +0 short sword.
The kobold shouts!
Are you sure you want to abandon this character and quit the game? (Confirm with "yes".)

#.######## ..
#..K...@.##.
########.#.. ###
#.#.# #.. #.#.# #.#
####.#.# #.#
#......# #.#
#.≈≈≈).# #<#
#.≈_≈..####.######
#.≈≈≈.............#


You could see a kobold.

Vanquished Creatures
  An adder (D:2)
  A dart slug (D:1)
  A bat (D:1)
  3 endoplasms (D:1)
  A giant cockroach (D:1)
  3 goblins (D:1)
  A hobgoblin (D:1)
  3 kobolds
  A quokka (D:1)
  A frilled lizard (D:1)
  A rat (D:1)
17 creatures vanquished.

Notes
Turn   | Place    | Note
-------+----------+-------------------------------------------
     0 | D:1      | v38m2y69t the Palentonga Fighter began the quest for the
                  | Orb.
     0 | D:1      | Reached XP level 1. HP: 19/19 MP: 1/1
   139 | D:1      | Reached XP level 2. HP: 25/25 MP: 2/2
   601 | D:2      | Found a faded altar of an unknown god.
   625 | D:2      | Reached XP level 3. HP: 27/31 MP: 3/3
   637 | D:2      | Prayed at the altar of an unknown god.
   637 | D:2      | Became a worshipper of Fedhas Madash
   637 | D:2      | Reached * piety under Fedhas
   645 | D:2      | Quit the game

Illustrated notes

Levels and vault maps discovered:
D:1:      eino_arrival_tree_alley, layout_rooms, minivault_4,
          chequers_arboretum, hex_tiny
D:2:      layout_loops_ring, hellmonk_ecumenical_altar_pennies_from_heaven,
          st_stairs_13

Action                   || total
-------------------------++-------
Melee: War axe           ||    46
       Tailslap          ||     4
 Abil: Rolling Charge    ||     1
Armor: Scale mail        ||    22
Dodge: Dodged            ||    20
Block: Buckler           ||    13

Table legend: (Time is in decaauts)
 A = Elapsed time spent in this place.
 B = Non-inter-level travel time spent in this place.
 C = Inter-level travel time spent in this place.
 D = Time resting spent in this place.
 E = Time spent auto-exploring this place.
 F = Levels seen in this place.
 G = Mean time per level.
                   A        B        C        D        E       F      G
               +--------+--------+--------+--------+--------+-----+--------+
         Total |    667 |    631 |     36 |      0 |    381 |   2 |  333.5 |
       Dungeon |    667 |    631 |     36 |      0 |    381 |   2 |  333.5 |
               +--------+--------+--------+--------+--------+-----+--------+

Top non-repeatable levels by time:
     D:1: 612 daAuts
     D:2: 55 daAuts
